 Dungeon Crawl Stone Soup version 0.22-a0-422-g9628fc87f1 (webtiles) character file.

3439 ZvezdeGranda the Spear-Bearer (level 9, -17/82 HPs)
             Began as a Minotaur Fighter on May 17, 2018.
             Was a Believer of Wu Jian.
             Demolished by an orc knight
             ... wielding a +0 glaive
              (37 damage)
             ... in a bailey.
             The game lasted 00:15:00 (5995 turns).

ZvezdeGranda the Spear-Bearer (Minotaur Fighter)    Turns: 5995, Time: 00:15:00

Health: -17/82     AC: 20    Str: 24    XL:     9   Next: 77%
Magic:  11/11      EV: 14    Int:  5    God:    Wu Jian [**....]
Gold:   396        SH:  0    Dex: 15    Spells: 8/8 levels left

rFire    + . .     SeeInvis .   a - +1 trident
rCold    . . .     Gourm    .   (no shield)
rNeg     . . .     Faith    +   K - +3 scale mail
rPois    .         Spirit   .   (helmet restricted)
rElec    +         Reflect  .   (no cloak)
rCorr    .         Harm     .   (no gloves)
MR       .....                  J - +0 pair of boots "Xoapi" {rElec rF+}
Stlth    +.........             t - amulet of faith
HPRegen  0.23/turn              B - +3 ring of protection
MPRegen  0.12/turn              E - +6 ring of protection

@: agile
A: retaliatory headbutt, horns 2
a: Wall Jump, Renounce Religion


You were in a bailey.
You worshipped Wu Jian.
Wu Jian was pleased with you.
You were not hungry.

You visited 1 branch of the dungeon, and saw 8 of its levels.
You also visited: Bailey.

You collected 396 gold pieces.

Inventory:

Hand Weapons
 a - a +1 trident (weapon)
Missiles
 L - 3 poisoned tomahawks (quivered)
 N - 7 needles of paralysis
Armour
 b - a +0 scale mail
 y - a +2 pair of boots
 C - a +0 chain mail
 J - the +0 pair of boots "Xoapi" (worn) {rElec rF+}
   (You found it on level 6 of the Dungeon)

   It protects you from fire.
   It insulates you from electricity.
 K - a +3 scale mail (worn)
Jewellery
 g - an uncursed ring of fire
 l - a +5 ring of dexterity
 s - an uncursed ring of flight
 t - an amulet of faith (around neck)
 B - a +3 ring of protection (left hand)
 D - an uncursed ring of fire
 E - a +6 ring of protection (right hand)
 F - an uncursed ring of ice {unknown}
Wands
 x - a wand of scattershot (1)
 z - a wand of flame (40)
Scrolls
 j - 5 scrolls of teleportation
 n - 3 scrolls of enchant weapon
 p - a scroll of immolation
 u - 2 scrolls of fear
 v - a scroll of enchant armour
 w - 3 scrolls of noise
 M - a scroll of identify
Potions
 c - 2 potions of ambrosia
 d - 3 potions of might
 e - 2 potions of agility
 i - 2 potions of brilliance
 k - a potion of curing
 m - 2 potions of lignification
 q - a potion of degeneration
 A - a potion of haste
 G - 2 potions of flight
 I - a potion of cancellation
Miscellaneous
 H - a lightning rod (1/4)
Comestibles
 f - 14 rations


   Skills:
 + Level 8.7 Fighting
 - Level 13.2 Polearms
 - Level 3.6 Armour
   Level 3.6 Shields
 - Level 4.0 Evocations


You had 8 spell levels left.
You didn't know any spells.
Your spell library contained the following spells:

 Spells                   Type           Power        Failure   Level  Hunger
 Magic Dart               Conj           #...         77%         1    ##.....
 Confuse                  Hex            #.......     98%         3    ####...
 Summon Small Mammal      Summ           #...         77%         1    ##.....
 Iskenderun's Mystic Bla  Conj           #.......     100%        4    #####..
 Summon Ice Beast         Ice/Summ       #.......     100%        4    #####..
 Call Imp                 Summ           #.......     88%         2    ###....
 Tukima's Dance           Hex            #.......     98%         3    ####...
 Call Canine Familiar     Summ           #.......     98%         3    ####...
 Ensorcelled Hibernation  Hex/Ice        #.....       88%         2    ###....
 Corona                   Hex            #......      77%         1    ##.....
 Fulminant Prism          Conj/Hex       #.........   100%        4    #####..
 Dazzling Spray           Conj/Hex       #.....       98%         3    ####...
 Force Lance              Conj/Tloc      #.......     100%        4    #####..
 Searing Ray              Conj           #.....       88%         2    ###....
 Summon Lightning Spire   Summ/Air       #.......     100%        4    #####..
 Summon Guardian Golem    Hex/Summ       #.......     98%         3    ####...


Dungeon Overview and Level Annotations

Branches:
Dungeon (8/15)             Temple (0/1) D:6
   Lair: D:8-11

Altars:
Elyvilon
Fedhas
Gozag
Hepliaklqana
Kikubaaqudgha
Makhleb
Nemelex Xobeh
Okawaru
Sif Muna
Vehumet
Wu Jian
The Shining One

Shops:
D:4 (


Innate Abilities, Weirdness & Mutations

You reflexively headbutt those who attack you in melee.
You have a pair of horns on your head.


Message History

The orc warrior closely misses you.
The orc knight roars a battlecry!
The orcs go into a battle-frenzy!
The orc knight hits you with a glaive.
* * * LOW HITPOINT WARNING * * *
There is an empty arch of ancient stone, spattered with blood here.
You see here a bolt.
Unknown command.
Unknown command.
You are confused.
You feel invigorated.
Your surroundings seem slightly different.
The orc no longer looks unusually strong.
The orc warrior barely misses you. The orc knight hits you with a glaive!!
* * * LOW HITPOINT WARNING * * *
The orc no longer looks unusually strong.
You're too confused!
You feel better.
You feel less invigorated.
The orc knight hits you from afar with a glaive!!!
You die...

### ##∩## ######
#.(.##.....#
≈..#.o)#..≈≈≈..
≈o≈≈...o.@.≈≈o≈≈.
.oo≈.......≈oo.≈.
≈.≈≈.......≈≈o≈≈.
≈≈≈..#...#..≈≈≈..
....##...##.....#
#### ##∩## ######
###


You could see 2 orc knights, 3 orc warriors and 2 orcs.

Vanquished Creatures
  A two-headed ogre (D:6)
  The ghost of Sassnad the Chopper, a novice FoFi (D:7)
  Eustachio (D:5)
  The ghost of Democracy123 the Conjurer, an amateur OpCj of Vehumet (D:4)
  3 orc warriors (Bailey)
  A sky beast (D:7)
  2 phantoms
  2 ogres
  3 centaurs
  A bullfrog (D:6)
  A scorpion (D:4)
  A water moccasin skeleton (D:5)
  2 howler monkeys
  3 crimson imps
  A bullfrog zombie (D:6)
  3 hounds
  A bullfrog skeleton (D:5)
  A jelly (D:6)
  4 orc priests
  2 centaur skeletons
  An iguana (D:6)
  4 orc wizards
  A worker ant (D:4)
  A hound zombie (D:6)
  A hound skeleton (D:5)
  A howler monkey zombie (D:6)
  12 adders
  An adder skeleton (D:7)
  6 worms
  2 dart slugs (D:1)
  2 leopard geckos
  25 orcs
  A giant cockroach (D:3)
  9 goblins
  7 hobgoblins
  13 jackals
  4 quokkas
  4 ball pythons
  4 bats
  3 frilled lizards
  A jackal skeleton (D:6)
  7 kobolds
  A leopard gecko skeleton (D:4)
  A leopard gecko zombie (D:6)
  A rat (D:2)
148 creatures vanquished.

Notes
Turn   | Place    | Note
-------+----------+-------------------------------------------
     0 | D:1      | ZvezdeGranda the Minotaur Fighter began the quest for the Orb.
     0 | D:1      | Reached XP level 1. HP: 19/19 MP: 0/0
    45 | D:1      | Reached skill level 3 in Polearms
    65 | D:1      | Reached XP level 2. HP: 19/26 MP: 1/1
   432 | D:1      | Reached skill level 4 in Polearms
   580 | D:1      | You fall through a shaft!
   603 | D:2      | Reached XP level 3. HP: 26/31 MP: 2/2
  1127 | D:2      | Reached XP level 4. HP: 39/41 MP: 3/3
  1321 | D:2      | Reached skill level 5 in Fighting
  1948 | D:4      | Noticed Democracy123's ghost (amateur OpCj)
  1956 | D:4      | Killed Democracy123's ghost
  1956 | D:4      | Reached XP level 5. HP: 28/52 MP: 4/4
  2219 | D:4      | Found an ancient bone altar of Kikubaaqudgha.
  2289 | D:4      | Reached XP level 6. HP: 49/60 MP: 5/5
  2410 | D:4      | Found Vutyscha's Weapon Shoppe.
  2621 | D:4      | Reached skill level 5 in Polearms
  2636 | D:4      | Reached skill level 6 in Polearms
  2636 | D:4      | Reached XP level 7. HP: 55/67 MP: 6/6
  2923 | D:4      | Found an iron altar of Okawaru.
  2926 | D:4      | Found a burning altar of Makhleb.
  2930 | D:4      | Found an ornate altar of the Wu Jian Council.
  2930 | D:4      | Found a white marble altar of Elyvilon.
  2930 | D:4      | Found a sparkling altar of Nemelex Xobeh.
  2930 | D:4      | Found a glowing golden altar of the Shining One.
  2931 | D:4      | Found a radiant altar of Vehumet.
  2931 | D:4      | Found a blossoming altar of Fedhas.
  2935 | D:4      | Found an opulent altar of Gozag.
  2942 | D:4      | Became a worshipper of the Wu Jian Council
  3140 | D:5      | Entered Level 5 of the Dungeon
  3182 | D:5      | Reached skill level 7 in Polearms
  3216 | D:5      | Reached skill level 8 in Polearms
  3490 | D:5      | Reached * piety under Wu Jian
  3584 | D:5      | Noticed Eustachio
  3589 | D:5      | Reached skill level 9 in Polearms
  3589 | D:5      | Reached XP level 8. HP: 36/74 MP: 7/7
  3597 | D:5      | Killed Eustachio
  3969 | D:5      | Found an ornate altar of the Wu Jian Council.
  4111 | D:5      | Found a hazy altar of Hepliaklqana.
  4223 | D:5      | Reached skill level 10 in Polearms
  4590 | D:6      | Found a staircase to the Ecumenical Temple.
  4803 | D:6      | Reached skill level 11 in Polearms
  4805 | D:6      | Noticed a two-headed ogre
  4821 | D:6      | Killed a two-headed ogre
  4821 | D:6      | Reached skill level 12 in Polearms
  4821 | D:6      | Reached XP level 9. HP: 50/80 MP: 8/8
  4827 | D:6      | Reached ** piety under Wu Jian
  4828 | D:6      | Reached skill level 13 in Polearms
  5108 | D:6      | Got a pair of twisted boots
  5114 | D:6      | Identified the +0 pair of boots "Xoapi" {rElec rF+} (You found it on level 6 of the Dungeon)
  5235 | D:7      | Reached skill level 1 in Evocations
  5459 | D:7      | Found a deep blue altar of Sif Muna.
  5510 | D:7      | Noticed Sassnad's ghost (novice FoFi)
  5530 | D:7      | Killed Sassnad's ghost
  5855 | D:8      | Noticed a two-headed ogre
  5965 | D:8      | Found a flagged portal.
  5971 | Bailey   | Entered a bailey
  5971 | Bailey   | Noticed an orc knight
  5984 | Bailey   | Noticed an orc knight
  5993 | Bailey   | HP: 1/82 [orc knight/glaive (20)]
  5995 | Bailey   | Demolished by an orc knight

Vault maps used:
D:1:      sevenhm_arrival_forest_fort_small_6
D:2:      minmay_tripent
D:3:      minmay_hedge_maze
D:4:      cheibrodos_pilgrimage, minitemple, serial_shops, nicolae_shop_crystal
D:5:      kennysheep_spiral_hall, lemuel_crystal_altar, first_ration,
          basic_altar, uniq_sigmund, uniq_eustachio
D:6:      kennysheep_windowed_halls, temple_hall,
          hangedman_abyss_or_decor_slice, kennysheep_generic_room_6
D:7:      kennysheep_mini_moat
D:8:      enter_bailey_3, david_nohive_1, kennysheep_generic_room_16
Bailey:   bailey_polearm_4, bailey

Skill      XL: |  1  2  3  4  5  6  7  8  9 |
---------------+----------------------------+-----
Polearms       | 3 4 6 9 12 13 | 13.2
Fighting       | 4 7 8 |  8.7
Evocations     | 4 |  4.0
Armour         | |  3.6
Shields        | |  3.6

Action                   |  1- 3 |  4- 6 |  7- 9 || total
-------------------------+-------+-------+-------++-------
Melee: Trident           |    95 |   106 |   300 ||   501
       Headbutt          |    10 |    19 |    48 ||    77
Invok: Whirlwind         |       |       |    25 ||    25
       Lunge             |       |       |     7 ||     7
       Wall Jump         |       |       |     9 ||     9
Evoke: Wand              |       |       |     6 ||     6
       Lightning rod     |       |       |     3 ||     3
  Use: Scroll            |       |     3 |    16 ||    19
       Potion            |       |     1 |     5 ||     6
  Eat: Chunk             |       |     5 |     5 ||    10
       Ration            |       |       |     3 ||     3
Armor: Scale mail        |    43 |    26 |    51 ||   120
       Chain mail        |       |       |    50 ||    50
Dodge: Dodged            |    23 |    28 |    86 ||   137

Table legend:
 A = Spawn XP
 B = Non-spawn XP
 C = Spawn XP percentage of total XP
 D = Spawn monster count
 E = Non-spawn monster count
 F = Spawn count percentage of total count
 G = Total turns spent on level
                    A         B        C        D         E        F      G
               +---------+---------+-------+---------+---------+-------+---------
         Total |       0 |    4913 |   0.0 |       0 |     148 |   0.0 |  5995
               +---------+---------+-------+---------+---------+-------+---------
           D:1 |       0 |      43 |   0.0 |       0 |      23 |   0.0 |   687
           D:2 |       0 |      76 |   0.0 |       0 |      19 |   0.0 |   657
           D:3 |       0 |      57 |   0.0 |       0 |      19 |   0.0 |   599
           D:4 |       0 |     648 |   0.0 |       0 |      18 |   0.0 |  1197
           D:5 |       0 |    1018 |   0.0 |       0 |      24 |   0.0 |  1189
           D:6 |       0 |    1856 |   0.0 |       0 |      32 |   0.0 |   893
           D:7 |       0 |     787 |   0.0 |       0 |       5 |   0.0 |   691
           D:8 |       0 |      20 |   0.0 |       0 |       5 |   0.0 |    58
        Bailey |       0 |     408 |   0.0 |       0 |       3 |   0.0 |    24
               +---------+---------+-------+---------+---------+-------+---------
